 Dungeon Crawl Stone Soup version 0.29.1-2-gbd0b4ee654 (webtiles) character file.

Game seed: 15519330874345575320

695 Firos the Chiller (level 7, -10/36 HPs)
             Began as a Deep Elf Ice Elementalist on Nov 7, 2022.
             Mangled by a fire bat (12 damage)
             ... on level 4 of the Dungeon.
             The game lasted 00:10:57 (3632 turns).

Firos the Chiller (Deep Elf Ice Elementalist)       Turns: 3632, Time: 00:10:57

Health: -10/36     AC:  3    Str:  5    XL:     7   Next: 37%
Magic:  23/28      EV: 12    Int: 22    God:
Gold:   207        SH:  0    Dex: 15    Spells: 7/19 levels left

rFire   x . .      SeeInvis .   (no weapon)
rCold   + . .      Faith    .   (no shield)
rNeg    . . .      Spirit   .   a - +0 robe
rPois   .          Reflect  .   (no helmet)
rElec   +          Harm     .   (no cloak)
rCorr   +          Rampage  .   (no gloves)
Will    .....                   s - +0 pair of boots
Stlth   +.........              (no amulet)
HPRegen 0.12/turn               h - ring of Wuxiq {Ice Contam rElec rCorr}
MPRegen 0.21/turn               n - ring of magical power

@: confused, brilliant, ambrosia-drunk, freezing walls
A: no striking features
a: no special abilities


You were on level 4 of the Dungeon.
You visited 1 branch of the dungeon, and saw 4 of its levels.

You collected 207 gold pieces.

Inventory:

Armour
 a - a +0 robe (worn)
 s - a +0 pair of boots (worn)
Jewellery
 g - an amulet of guardian spirit
 h - the ring of Wuxiq (left hand) {Ice Contam rElec rCorr}
   (You found it on level 2 of the Dungeon)

   [ring of ice]

   It enhances your ice magic.
   rF:        It makes you vulnerable to fire.
   rC:        It protects you from cold.
   rElec:     It insulates you from electricity.
   Contam:    It causes magical contamination when unequipped.
   rCorr:     It protects you from acid and corrosion.
 n - a ring of magical power (right hand)
Scrolls
 c - 2 scrolls of identify {unknown}
 e - a scroll of immolation {unknown}
 f - a scroll of blinking {unknown}
 j - 3 scrolls of noise {unknown}
 k - a scroll of poison {unknown}
 p - a scroll of amnesia {unknown}
 q - a scroll of fog {unknown}
 r - a scroll of summoning {unknown}
Potions
 b - a potion of magic
 d - 2 potions of brilliance
 i - a potion of degeneration {unknown}
 l - 2 potions of resistance
 m - a potion of haste {unknown}
 o - a potion of ambrosia


   Skills:
 - Level 2.4 Dodging
 - Level 2.4 Stealth
 + Level 6.8 Spellcasting
 * Level 4.8 Conjurations
 + Level 6.8 Ice Magic


You had 7 spell levels left.
You knew the following spells:

 Your Spells              Type           Power      Damage    Failure   Level
a - Freeze                Ice            100%       1d11      1%          1
b - Frozen Ramparts       Ice            100%       1d16      1%          3
c - Ozocubu's Armour      Ice            71%        N/A       1%          3
d - Hailstorm             Conj/Ice       65%        3d14      8%          4
e - Magic Dart            Conj           100%       1d8       1%          1

Your spell library contained the following spells:

 Spells                   Type           Power      Damage    Failure   Level
 Searing Ray              Conj           86%        2d7       1%          2
 Poisonous Vapours        Pois/Air       22%        N/A       13%         2
 Fulminant Prism          Conj/Hex       13%        3d9       30%         4
 Corpse Rot               Necr/Pois/Air  11%        N/A       63%         4


Dungeon Overview and Level Annotations

Branches:
Dungeon (4/15)
 Temple: D:4-7

Altars:
Cheibriados
Hepliaklqana

Annotations:
D:4 1 transporter


Message History

There is a transporter here.
You enter the transporter and appear at another place.
l - 2 potions of resistance (gained 1)
You open the gate.
Casting: Freeze (safe; 1% risk of failure)
Confirm with . or Enter, or press ? or * to list all spells.
Aiming: Magic Dart (safe; 1% risk of failure)
Press: ? - help, Shift-Dir - straight line, f - fire bat
Aim: a fire bat (flame, 100% to hit)
The magic dart hits the fire bat.
The fire bat is lightly wounded.
The fire bat bites you.
You are engulfed in flames!
The fire burns you terribly!
Casting: Magic Dart (safe; 1% risk of failure)
Confirm with . or Enter, or press ? or * to list all spells.
Casting: Frozen Ramparts (safe; 1% risk of failure)
Press: ? - help, Dir - look around, f - activate You feel a surge of power!
The walls around you are covered in ice.
The fire bat is frozen!
The wall freezes the fire bat.
The fire bat closely misses you. The fire bat bites you.
You are engulfed in flames!
The fire burns you terribly!
The wall freezes the fire bat.
The fire bat closely misses you.
The fire bat is frozen!
The wall freezes the fire bat.
The fire bat closely misses you.
It was a potion of brilliance.
You feel clever all of a sudden.
The fire bat is frozen!
The wall freezes the fire bat.
The fire bat bites you.
You are engulfed in flames!
The fire burns you terribly!
* * * LOW HITPOINT WARNING * * *
The fire bat barely misses you.
The fire bat is frozen!
The wall freezes the fire bat!
You kill the fire bat!
The fire bat barely misses you.
It was a potion of ambrosia.
You are confused.
You feel invigorated. The fire bat bites you.
* * * LOW HITPOINT WARNING * * *
You are engulfed in flames!
The fire burns you terribly!
You die...

....##.....†.#....#..............
....##.....###..©.#..............
...........##########.###........
...........##○.○☼○.○#.##.........
...........##°☼○°☼°○#.##.###....#
...........##.○#©#☼.#.##.#......#
.........####○.....☼#.##.#.####.#
.........# #°☼#.#°○#..#.#.##....
#........# #○○.@.○°##.#.#.##.#.#
#.........# ###○b°####.#.#......#
....###...##.°°☼○○○○.#.#.#......#
.....[....##○○.○.☼○○°#..........#
..........##○☼☼...°°○##.......#.#
.......#####○°☼$$$○°°##.......+.#
.......# #°☼°$©[☼☼☼##.......###
....#### ############..........
....# #.©.# #.......##)


You could see a fire bat.

Vanquished Creatures
  A fire bat (D:4)
  2 ogres (D:4)
  A necrophage (D:4)
  A scorpion (D:4)
  A hound (D:4)
  An orc priest (D:4)
  2 orc wizards
  4 gnolls (D:2)
  3 adders (D:4)
  2 worms
  4 dart slugs
  6 orcs
  5 endoplasms
  A giant cockroach (D:2)
  4 goblins
  6 hobgoblins
  12 jackals
  2 kobolds (D:3)
  3 quokkas
  7 ball pythons
  4 bats
  3 frilled lizards
  3 rats
78 creatures vanquished.

Notes
Turn   | Place    | Note
-------+----------+-------------------------------------------
     0 | D:1      | Firos the Deep Elf Ice Elementalist began the quest for the
                  | Orb.
     0 | D:1      | Reached XP level 1. HP: 10/10 MP: 6/6
   266 | D:1      | Found a faded altar of an unknown god.
   329 | D:1      | Reached XP level 2. HP: 13/15 MP: 3/8
   916 | D:2      | Identified the ring of Wuxiq {Ice Contam rElec rCorr}
  1075 | D:2      | Reached XP level 3. HP: 17/19 MP: 8/10
  1079 | D:2      | Learned a level 3 spell: Frozen Ramparts
  1083 | D:2      | Learned a level 3 spell: Ozocubu's Armour
  1222 | D:2      | Reached skill level 5 in Ice Magic
  1493 | D:2      | Reached XP level 4. HP: 19/24 MP: 3/12
  2191 | D:3      | Reached skill level 5 in Spellcasting
  2407 | D:3      | Learned a level 4 spell: Hailstorm
  2451 | D:3      | Learned a level 1 spell: Magic Dart
  2528 | D:3      | Reached XP level 5. HP: 28/28 MP: 14/14
  2941 | D:4      | Found a transporter.
  2946 | D:4      | Noticed a fire bat
  2946 | D:4      | Noticed a fire bat
  3069 | D:4      | Reached skill level 1 in Conjurations
  3179 | D:4      | Found a hazy altar of Hepliaklqana.
  3193 | D:4      | Noticed an ogre
  3200 | D:4      | Killed an ogre
  3201 | D:4      | Reached XP level 6. HP: 32/32 MP: 5/17
  3369 | D:4      | Found a snail-covered altar of Cheibriados.
  3587 | D:4      | Found a transporter.
  3617 | D:4      | Reached XP level 7. HP: 36/36 MP: 18/18
  3631 | D:4      | HP: 1/36 [fire bat (13)]
  3631 | D:4      | Killed a fire bat
  3632 | D:4      | Mangled by a fire bat

Illustrated notes

Levels and vault maps discovered:
D:1:      dpeg_arrival_shrine, layout_rooms,
          hellmonk_ecumenical_altar_heavens_door,
          chequers_serial_rivers_small_a, minmay_hedge_maze
D:2:      layout_loops_cross, grunt_ministairs_8
D:3:      layout_basic, kennysheep_generic_room_14
D:4:      gammafunk_cloud_chamber, layout_basic, nicolae_overflow_squiral,
          cheibriados_altar_1, mainiacjoe_overflow_small_starburst

Skill      XL: |  1  2  3  4  5  6 |
---------------+-------------------+-----
Spellcasting   | 4 5 6 |  6.8
Ice Magic      | 5 6 |  6.8
Conjurations   | 2 4 |  4.8
Dodging        | |  2.4
Stealth        | |  2.4

Action                   |  1- 3 |  4- 6 |  7- 9 || total
-------------------------+-------+-------+-------++-------
Melee: Unarmed           |     3 |     2 |       ||     5
 Cast: Freeze            |    37 |    55 |       ||    92
       Frozen Ramparts   |     3 |     7 |     1 ||    11
       Ozocubu's Armour  |     2 |       |       ||     2
       Magic Dart        |       |     7 |     1 ||     8
       Hailstorm         |       |     2 |       ||     2
  Use: Potion            |       |       |     2 ||     2
Armor: Robe              |     3 |     5 |       ||     8
Dodge: Dodged            |    15 |    27 |     5 ||    47
